 Dungeon Crawl Stone Soup version 0.31-a0-1300-gb6740aa4e6 (webtiles) character file.

Game seed: 9775258630879551648

1018 senseless the Chopper (level 8, 0/59 (71) HPs)
             Began as a Hill Orc Fighter on Dec 18, 2023.
             Slain by a howler monkey (2 damage)
             ... on level 5 of the Dungeon.
             The game lasted 00:09:05 (4807 turns).

senseless the Chopper (Hill Orc Fighter)            Turns: 4807, Time: 00:09:05

HP:   0/59 (71)     AC:  9    Str: 21    XL:     8   Next: 22%
MP:   8/8           EV:  9    Int: 14    God:
Gold: 228           SH:  5    Dex: 10    Spells: 5/7 levels left

rFire   + . .        a - +1 war axe (heavy)
rCold   . . .        c - +0 buckler
rNeg    . . .        b - +0 scale mail
rPois   .            m - +2 hat
rElec   .            (no cloak)
rCorr   .            (no gloves)
SInv    .            (no boots)
Will    .....        (no amulet) Stlth
                     s - +6 ring of intelligence
HPRegen 0.29/turn    f - ring of protection from fire
MPRegen 0.11/turn

%: no passive effects
@: mighty, heavily drained
A: no striking features
a: no special abilities


You were on level 5 of the Dungeon.
You visited 1 branch of the dungeon, and saw 5 of its levels.

You collected 241 gold pieces.
You spent 13 gold pieces at shops.

Inventory:

Hand Weapons
 a - a +1 heavy war axe (weapon)
Missiles
 e - 5 javelins (quivered)
 j - 3 silver javelins
Armour
 b - a +0 scale mail (worn)
 c - a +0 buckler (worn)
 m - a +2 hat (worn)
Jewellery
 f - a ring of protection from fire (right hand)
 s - a +6 ring of intelligence (left hand)
Talismans
 q - a dragon-blood talisman
Wands
 r - a wand of mindburst (15)
Scrolls
 g - a scroll of amnesia
 h - 2 scrolls of teleportation
Potions
 d - 3 potions of might
 i - a potion of lignification {unknown}
 k - a potion of magic
 l - a potion of brilliance
 n - a potion of mutation
 o - a potion of cancellation
 t - 2 potions of invisibility {unknown}


   Skills:
 + Level 6.6 Fighting
 + Level 6.6 Axes
 + Level 6.0 Armour
 + Level 6.0 Shields


You had 5 spell levels left.
You knew the following spells:

 Your Spells              Type           Power      Damage    Failure   Level
a - Blink                 Tloc           0%         N/A       78%         2

Your spell library contained the following spells:

 Spells                   Type           Power      Damage    Failure   Level
 Lesser Beckoning         Tloc           0%         N/A       78%         2
 Momentum Strike          Conj/Tloc      0%         3d8       78%         2
 Gell's Gravitas          Tloc           0%         N/A       95%         3
 Teleport Other           Tloc           0%         N/A       95%         3


Dungeon Overview and Level Annotations

Branches:
Dungeon (5/15)
 Temple: D:4-7

Altars:
Cheibriados
Trog
The Shining One

Shops:
D:1 !   D:5 *

Annotations:
D:5 Dowan


Message History

* * * LOW HITPOINT WARNING * * *
You feel very mighty all of a sudden.
Dowan points at you and mumbles some strange words.
The stone arrow misses you. Dowan hits you but does no damage.
You feel drained.
You miss Dowan. You slash the howler monkey! You block Dowan's attack.
The howler monkey barely misses you.
Dowan hits you with a +3 dagger of draining.
* * * LOW HITPOINT WARNING * * *
You feel drained.
* * * LOW HITPOINT WARNING * * *
The howler monkey hits you but does no damage.
Dowan says, "Her death will not be in vain!"
Dowan hits you with a +3 dagger of draining.
* * * LOW HITPOINT WARNING * * *
You feel drained.
You slash Dowan!
Dowan is moderately wounded.
You closely miss the howler monkey.
The howler monkey hits you but does no damage.
Dowan closely misses you.
The howler monkey completely misses you.
Dowan hits you with a +3 dagger of draining.
* * * LOW HITPOINT WARNING * * *
You feel drained.
Okay, then.
As you read the scroll of fog, it dissolves into smoke.
Dowan hits you with a +3 dagger of draining.
* * * LOW HITPOINT WARNING * * *
You feel drained.
The howler monkey hoots and howls with incredible vigour!
You block Dowan's attack. The howler monkey barely misses you.
Dowan attacks as he pursues you! Dowan hits you but does no damage.
You feel drained. Dowan hits you but does no damage.
You feel drained.
You slice Dowan!!
Dowan is almost dead.
Dowan gestures wildly while chanting.
Dowan blinks!
The howler monkey hits you.
You die...

## ###.#######
#..........
##..#.......
#§§#§§......
##§h#§§.<....
#§@#§§>......
#..#h§.......
##.#§§§§......
#..#.§..............
##.###...............
#####.##
#...............
##.....#
##..............
##......##
..............
#........## #.....
.......


You could see a howler monkey.

Vanquished Creatures
  Duvessa (D:5)
  A water moccasin (D:5)
  An ogre (D:5)
  A centaur (D:5)
  A howler monkey (D:5)
  3 hounds
  A gnoll bouda (D:5)
  A jelly (D:5)
  Jessica (D:2)
  Natasha (thrice) (D:2)
  3 iguanas
  An orc wizard (D:4)
  2 sleepcaps
  10 gnolls
  4 adders
  A white imp (D:5)
  A dart slug (D:1)
  7 orcs
  8 ball pythons
  6 endoplasms
  2 giant cockroaches
  3 goblins (D:4)
  5 hobgoblins
  9 jackals
  6 quokkas
  5 bats
  2 frilled lizards (D:1)
  6 kobolds
  7 rats
102 creatures vanquished.

Notes
Turn   | Place    | Note
-------+----------+-------------------------------------------
     0 | D:1      | senseless the Hill Orc Fighter began the quest for the Orb.
     0 | D:1      | Reached XP level 1. HP: 19/19 MP: 1/1
   307 | D:1      | Reached XP level 2. HP: 27/27 MP: 2/2
   363 | D:1      | Found Haepen Itila's Distillery.
   389 | D:1      | Bought a potion of degeneration for 13 gold pieces
   551 | D:1      | Reached XP level 3. HP: 33/33 MP: 3/3
   554 | D:1      | Learned a level 2 spell: Blink
  1079 | D:2      | Noticed Jessica
  1084 | D:2      | Killed Jessica
  1085 | D:2      | Reached XP level 4. HP: 40/40 MP: 4/4
  1152 | D:2      | Found a bloodstained altar of Trog.
  1445 | D:2      | Noticed Natasha
  1449 | D:2      | Killed Natasha
  1450 | D:2      | Reached XP level 5. HP: 42/47 MP: 5/5
  1928 | D:2      | Noticed Natasha
  1931 | D:2      | Killed Natasha
  2040 | D:2      | Noticed Natasha
  2046 | D:2      | Killed Natasha
  2164 | D:2      | Found a bloodstained altar of Trog.
  2778 | D:3      | Reached skill level 5 in Fighting
  3244 | D:4      | Reached XP level 6. HP: 56/56 MP: 6/6
  3268 | D:4      | Found a snail-covered altar of Cheibriados.
  3296 | D:4      | Reached skill level 5 in Axes
  3384 | D:4      | Found a glowing golden altar of the Shining One.
  3487 | D:4      | Reached skill level 5 in Armour
  3487 | D:4      | Reached skill level 5 in Shields
  3731 | D:5      | Entered Level 5 of the Dungeon
  3745 | D:5      | Found Deppok's Elemental Accessories.
  3753 | D:5      | Reached XP level 7. HP: 42/61 MP: 7/7
  4461 | D:5      | Reached XP level 8. HP: 66/71 MP: 8/8
  4781 | D:5      | Noticed Duvessa
  4781 | D:5      | Noticed Dowan
  4792 | D:5      | Killed Duvessa
  4802 | D:5      | HP: 2/64 [Dowan/+3 dagger of draining (2)]
  4807 | D:5      | Slain by a howler monkey

Illustrated notes

Levels and vault maps discovered:
D:1:      spicycebolla_arrival_transporter_tutorial, layout_basic, serial_shops,
          nicolae_shop_peninsula, patterned_corridor
D:2:      layout_basic, basic_altar, uniq_jessica, uniq_natasha
D:3:      layout_loops_ring
D:4:      layout_cave_pools, tso_metal_star, mainiacjoe_overflow_catwalk
D:5:      minmay_inner_zag, layout_cave_pods, nicolae_elemental_shop,
          uniq_duvessa

Skill      XL: |  1  2  3  4  5  6  7  8 |
---------------+-------------------------+-----
Axes           | 3 4 5 6 |  6.6
Fighting       | 4 5 6 |  6.6
Armour         | 4 5 6 |  6.0
Shields        | 4 5 6 |  6.0

Action                     |  1- 3 |  4- 6 |  7- 9 || total
---------------------------+-------+-------+-------++-------
  Melee: War axe           |    99 |   103 |    54 ||   256
    Use: Scroll            |       |    13 |     1 ||    14
         Potion            |       |       |     2 ||     2
 Armour: Scale mail        |    65 |    81 |    91 ||   237
  Dodge: Dodged            |    41 |    54 |    53 ||   148
  Block: Buckler           |    21 |    16 |    18 ||    55

Table legend: (Time is in decaauts)
 A = Elapsed time spent in this place.
 B = Non-inter-level travel time spent in this place.
 C = Inter-level travel time spent in this place.
 D = Time resting spent in this place.
 E = Time spent auto-exploring this place.
 F = Levels seen in this place.
 G = Mean time per level.
                   A        B        C        D        E       F      G
               +--------+--------+--------+--------+--------+-----+--------+
         Total |   4953 |   4864 |     89 |      4 |   4115 |   5 |  990.6 |
       Dungeon |   4953 |   4864 |     89 |      4 |   4115 |   5 |  990.6 |
               +--------+--------+--------+--------+--------+-----+--------+

Top non-repeatable levels by time:
     D:2: 1582 daAuts
     D:5: 1123 daAuts
     D:1: 1082 daAuts
     D:3: 641 daAuts
     D:4: 524 daAuts
